 Dungeon Crawl Stone Soup version 0.16.1 (webtiles) character file.

1131 Fiveotanaka the Cleaver (level 8, -3/62 HPs)
             Began as a Hill Orc Gladiator on Mar 29, 2015.
             Was a Follower of Beogh.
             Slain by a steam dragon (4 damage)
             ... on level 6 of the Dungeon.
             The game lasted 00:12:42 (5881 turns).

Fiveotanaka the Cleaver (Hill Orc Gladiator)        Turns: 5881, Time: 00:12:42

Health: -3/62      AC:  8    Str: 18    XL:     8   Next: 36%
Magic:  8/8        EV: 11    Int:  8    God:    Beogh [*.....]
Gold:   310        SH:  0    Dex: 13    Spells: 0 memorised, 7 levels left

rFire  . . .     SeeInvis +     a - +0 war axe
rCold  . . .     Clarity  .     l - +0 ring mail
rNeg   . . .     SustAb   .     (no shield)
rPois  .         Gourm    +     c - +0 helmet
rElec  .         Spirit   .     k - +0 cloak
rCorr  .         Warding  .     n - +0 pair of gloves
rMut   .         Stasis   .     (no boots)
MR     .....                    t - amulet of the gourmand
Stlth  +.........               (no ring)
                                q - ring of see invisible

@: not resistant to hostile enchantments, very unstealthy
A: no striking features
a: Renounce Religion


You were on level 6 of the Dungeon.
You worshipped Beogh.
Beogh was aware of your devotion.
You were hungry.

You visited 2 branches of the dungeon, and saw 7 of its levels.

You collected 310 gold pieces.

Inventory:

Hand weapons
 a - a +0 war axe (weapon)
Missiles
 d - 3 throwing nets (quivered)
Armour
 b - a +0 leather armour
 c - a +0 helmet (worn)
 k - a +0 cloak (worn)
 l - a +0 ring mail (worn)
 n - a +0 pair of gloves (worn)
Jewellery
 q - a ring of see invisible (left hand)
 t - an amulet of the gourmand (around neck)
Scrolls
 e - 6 scrolls of identify
 i - a scroll of fog {unknown}
 j - a scroll of recharging {unknown}
 s - 2 scrolls of enchant armour {unknown}
 u - a scroll of random uselessness {unknown}
 v - a scroll of remove curse
 x - a scroll of noise {unknown}
Potions
 h - a potion of brilliance {unknown}
 m - 2 potions of resistance
 o - a potion of restore abilities {unknown}
 r - a potion of might {unknown}
 B - a potion of magic {unknown}
Comestibles
 f - 2 meat rations
 p - 4 bread rations
 z - 2 beef jerkies
 A - 2 royal jellies
 C - 4 fruits


   Skills:
 - Level 2.4 Fighting
 + Level 12.7 Axes
 - Level 2.0 Throwing
 - Level 2.4 Dodging


You had 7 spell levels left.
You didn't know any spells.

Dungeon Overview and Level Annotations

Branches:
Dungeon (6/15)             Temple (1/1) D:5

Altars:
Ashenzari
Elyvilon
Fedhas
Nemelex Xobeh
Okawaru
Xom
The Shining One


Message History

You feel much better.
You are engulfed in a cloud of scalding steam.
The giant frog hits you but does no damage.
The steam dragon bites you! The steam dragon claws you.
The giant frog hits you but does no damage.
You barely miss the steam dragon.
The steam dragon is almost dead.
You hit the giant frog but do no damage.
The giant frog is moderately wounded.
You are engulfed in a cloud of scalding steam.
* * * LOW HITPOINT WARNING * * *
The steam dragon bites you!
* * * LOW HITPOINT WARNING * * *
The steam dragon claws you.
* * * LOW HITPOINT WARNING * * *
The giant frog hits you.
* * * LOW HITPOINT WARNING * * *
Unknown command.
The steam dragon closely misses you. The steam dragon claws you.
You die...

##... #.....
#.... .... ...
######.#
#......########..
#DF.........
#@########..
#.####.########.
#...............
##..##.#########
#. #.# # .
#.######
#..##......#
#..#######.# #..#
#####.#


You could see a steam dragon and a giant frog.

Vanquished Creatures
  An ice beast (D:5)
  A black bear (D:4)
  2 phantoms
  A wyvern zombie (D:6)
  2 scorpions (D:4)
  A giant frog zombie (D:5)
  2 crimson imps (D:5)
  A goliath beetle (D:5)
  A centaur skeleton (D:4)
  An iguana (D:4)
  3 orc priests
  A jelly (D:3)
  3 orc wizards
  A worker ant (D:4)
  Robin (D:3)
  6 adders
  2 worms
  A giant gecko (D:6)
  An ooze (D:4)
  11 orcs
  A bat zombie (D:5)
  3 giant cockroaches
  16 goblins
  13 hobgoblins
  6 jackals
  12 kobolds
  A quokka (D:3)
  10 bats
  3 giant newts
  9 rats
117 creatures vanquished.

Vanquished Creatures (others)
  An orc wizard (D:4)
  5 orcs (D:4)
  A hobgoblin (D:4)
  A kobold (D:4)
8 creatures vanquished.

Grand Total: 125 creatures vanquished

Notes
Turn   | Place    | Note
--------------------------------------------------------------
     0 | D:1      | Fiveotanaka, the Hill Orc Gladiator, began the quest for the Orb.
     0 | D:1      | Reached XP level 1. HP: 18/18 MP: 1/1
   342 | D:1      | Reached XP level 2. HP: 25/25 MP: 2/2
   689 | D:2      | Reached skill level 5 in Axes
   763 | D:2      | Found an iron altar of Okawaru.
   851 | D:2      | Reached XP level 3. HP: 30/30 MP: 3/3
   905 | D:2      | Found a shattered altar of Ashenzari.
  1011 | D:2      | Found a sparkling altar of Nemelex Xobeh.
  1213 | D:3      | Reached skill level 6 in Axes
  1213 | D:3      | Reached XP level 4. HP: 18/37 MP: 4/4
  1374 | D:3      | Noticed Robin
  1386 | D:3      | Killed Robin
  1485 | D:3      | Reached skill level 7 in Axes
  1534 | D:3      | Reached XP level 5. HP: 34/42 MP: 5/5
  1999 | D:3      | Reached skill level 8 in Axes
  2494 | D:4      | Reached XP level 6. HP: 16/50 MP: 6/6
  2715 | D:4      | Became a worshipper of Beogh the Brigand
  2764 | D:5      | Entered Level 5 of the Dungeon
  3008 | D:4      | Noticed a phantom
  3015 | D:4      | Found a shimmering altar of Xom.
  3031 | D:4      | Killed a phantom
  3031 | D:4      | Reached skill level 9 in Axes
  3628 | D:4      | Reached skill level 10 in Axes
  3628 | D:4      | Reached XP level 7. HP: 50/56 MP: 7/7
  3722 | D:4      | Acquired Beogh's first power
  4081 | D:4      | Noticed a black bear
  4091 | D:4      | Killed a black bear
  4485 | D:4      | Reached skill level 11 in Axes
  5042 | D:5      | Reached XP level 8. HP: 27/62 MP: 8/8
  5214 | D:5      | Reached skill level 12 in Axes
  5481 | D:5      | Found a blossoming altar of Fedhas.
  5513 | D:5      | Found a staircase to the Ecumenical Temple.
  5523 | Temple   | Entered the Ecumenical Temple
  5880 | D:6      | HP: 1/62 [giant frog (3)]
  5881 | D:6      | Slain by a steam dragon

Action                   |  1- 3 |  4- 6 |  7- 9 || total
-------------------------+-------+-------+-------++-------
Melee: War axe           |    88 |   186 |   192 ||   466
Invok: Convert to Beogh  |       |     1 |       ||     1
  Use: Scroll            |     1 |       |     1 ||     2
       Potion            |       |     1 |     2 ||     3
  Eat: Chunk             |     1 |     8 |     5 ||    14
       Pizza             |       |       |     1 ||     1
